AoeStats
← Carple

Nomad

503604618Analyzed
1v1 RM · 1mo ago on Sep 1, 2026· 23m 25s· 2 players
Game mode
Random Map
Map size
126×126
Population
200
Speed
Normal
Resources
Standard
Victory
Conquest
Starting age
Dark Age
Ending age
Imperial Age
RankedLock teamsTeams togetherTeam positionsShared explorationLock speedFull tech treeHidden civsTurbo modeCheats
Victory
Defeat
🇨🇦 Japanese · Canada
1182
+16
🇦🇷 Persians · Argentina
1184
-16
Carple
4:05 Loom
12:47 Feudal Age
18:38 Castle Age
16:45 Stone Mining
17:28 Fletching
18:02 Double-Bit Axe
1000ei
10:12 Loom
13:54 Feudal Age
15:27 Double-Bit Axe
19:52 Castle Age
18:42 Stone Mining
20:25 Fletching
21:41 Bow Saw
21:26 Fishing Lines
21:59 Medium Warships
Connection lost

Rejoining the realm…

Still unreachable

The connection could not be restored.

Session expired

The server has moved on; the page needs a fresh start.